 Dungeon Crawl Stone Soup version 0.28-a0-1159-g27aa881441 (webtiles) character file.

Game seed: 3830896196364608424

231 SensoryNuts the Poker (level 5, -4/41 HPs)
             Began as a Demonspawn Fighter on Dec 15, 2021.
             Killed by nerve-wracking pain
             ... invoked by an orc priest
              (6 damage)
             ... on level 3 of the Dungeon.
             The game lasted 00:04:52 (3994 turns).

SensoryNuts the Poker (Demonspawn Fighter)          Turns: 3994, Time: 00:04:53

Health: -4/41      AC:  6    Str: 19    XL:     5   Next: 73%
Magic:  5/5        EV:  9    Int:  9    God:
Gold:   109        SH:  5    Dex: 12    Spells: 4/4 levels left

rFire   . . .      SeeInvis .   a - +0 trident (protect)
rCold   . . .      Faith    .   c - +1 buckler
rNeg    + . .      Spirit   .   b - +0 scale mail
rPois   .          Reflect  .   (no helmet)
rElec   .          Harm     .   (no cloak)
rCorr   .          Rampage  .   (no gloves)
Will    .....                   (no boots)
Stlth   ..........              (no amulet)
HPRegen 0.13/turn               f - ring of positive energy
MPRegen 0.09/turn               (no ring)

@: no status effects
A: claws 1, foul stench 1, spiny 2
a: no special abilities


You were on level 3 of the Dungeon.
You visited 1 branch of the dungeon, and saw 3 of its levels.

You collected 109 gold pieces.

Inventory:

Hand Weapons
 a - a +0 trident of protection (weapon)
Armour
 b - a +0 scale mail (worn)
 c - a +1 buckler (worn)
Jewellery
 f - a ring of positive energy (left claw)
Scrolls
 k - 2 scrolls of teleportation
Potions
 d - a potion of might


   Skills:
 + Level 3.6 Fighting
 + Level 4.0 Polearms
 + Level 3.6 Armour
 + Level 0.4 Dodging
 + Level 3.2 Shields


You had 4 spell levels left.
You didn't know any spells.
Your spell library was empty.

Dungeon Overview and Level Annotations

Branches:
Dungeon (3/15)

Altars:
Uskayaw

Annotations:
D:3 1 transporter


Innate Abilities, Weirdness & Mutations

You have sharp fingernails.
You may rarely emit foul miasma when damaged in melee.
You are mostly covered in sharp spines.


Message History

You start resting.
You start resting.
The shadow imp shouts, "Scamper hence, thou churlish dread-bolted gudgeon!"
The shadow imp sputters.
You start resting.
You start resting.
The shadow imp spits at you.
The shadow imp lashes its tail.
The shadow imp sputters.
The shadow imp grins evilly.
The shadow imp shouts, "Flee, thou reeling-ripe roguish wagtail!"
The shadow imp summons a swarm of flies.
The shadow imp shouts, "Get thee gone, thou mewling weeb-spouting bladder!"
The shadow imp shouts, "Give up, thou unhinged beetle-headed nobody!"
The shadow imp grinds its teeth.
The shadow imp puffs mist at you.
The shadow imp lashes its tail.
HP restored.
Unknown command.
The shadow imp gestures at you. Pain shoots through your body!
There is an open door here.
The orc priest begins to cast a cantrip, but forgets the words!
The orc priest looks satisfied for a moment.
The orc priest invokes the aid of Beogh against you.
Beogh smites you!
You enter the shallow water.
Moving in this stuff is going to be slow.
The shadow imp gestures at you. Pain shoots through your body!
The shadow imp gestures at you. Pain shoots through your body!
The orc priest looks satisfied for a moment.
The orc priest mumbles some strange prayers to Beogh against you.
Beogh smites you!
* * * LOW HITPOINT WARNING * * *
Okay, then.
The orc priest calls down the wrath of Beogh upon you.
Pain shoots through your body!
You die...

.................................
..#####.................#####.###
.##...##..###################.# #
.#.#.#.#..#.................#.# #
.#..#.(#..#.###############.#.#
.#(#(#(#..#.#8≈#.o.o5..#≈8#.#.#
.##(((##..#.#P.#≈≈≈≈≈≈≈#.≈#.#.#
.###(###....#$.#..≈≈≈..#..#...#
.#.###.#...©#©!+@.≈⌠≈..'.©#©..#
.#.....#....#$.#..≈≈≈..#..#...#
.##._.##....#P.#≈≈≈≈≈≈≈#.≈#...###
..#...#..#..#8≈#5......#P8#..##..
..##'##..#..###############..##..
#.......##...................##..
##########.....).............##..
...............).....)....>......
##########...#####....##.#....###


You could see 2 orc priests and 2 shadow imps.

Vanquished Creatures
  A scorpion (D:3)
  An orc wizard (D:3)
  5 adders
  2 worms (D:3)
  9 orcs (D:3)
  7 endoplasms
  A giant cockroach (D:2)
  5 hobgoblins
  8 jackals
  5 quokkas
  6 ball pythons
  6 bats
  4 frilled lizards (D:2)
  7 goblins
  11 kobolds
  2 rats
80 creatures vanquished.

Vanquished Creatures (others)
  3 fungi (D:1)
  11 plants
14 creatures vanquished.

Grand Total: 94 creatures vanquished

Notes
Turn   | Place    | Note
-------+----------+-------------------------------------------
     0 | D:1      | SensoryNuts the Demonspawn Fighter began the quest for the
                  | Orb.
     0 | D:1      | Reached XP level 1. HP: 18/18 MP: 1/1
   152 | D:1      | Gained mutation: You may rarely emit foul miasma when
                  | damaged in melee. [demonic ancestry]
   152 | D:1      | Reached XP level 2. HP: 24/24 MP: 2/2
   403 | D:1      | Found a faded altar of an unknown god.
   418 | D:1      | Reached skill level 2 in Polearms
   421 | D:1      | Discovered your monstrous ancestry.
   421 | D:1      | Gained mutation: You have sharp fingernails. [demonic
                  | ancestry]
   421 | D:1      | Reached XP level 3. HP: 28/29 MP: 3/3
  1114 | D:2      | Gained mutation: You are partially covered in sharp spines.
                  | [demonic ancestry]
  1114 | D:2      | Reached XP level 4. HP: 22/35 MP: 4/4
  1920 | D:3      | Reached skill level 3 in Polearms
  2126 | D:3      | Found a transporter.
  2331 | D:3      | Gained mutation: You are mostly covered in sharp spines.
                  | [demonic ancestry]
  2331 | D:3      | Reached XP level 5. HP: 41/41 MP: 5/5
  2422 | D:3      | Found a transporter.
  2441 | D:3      | Noticed a +0 short sword
  2442 | D:3      | Noticed a +0 dagger
  2442 | D:3      | Noticed a +0 falchion
  2443 | D:3      | Noticed a +0 spear
  2443 | D:3      | Noticed a +0 short sword
  2443 | D:3      | Noticed a +0 spear
  2444 | D:3      | Noticed a +0 dagger
  2448 | D:3      | Noticed a +0 falchion
  2456 | D:3      | Found a hide-covered altar of Uskayaw.
  2589 | D:3      | Reached skill level 4 in Polearms
  3993 | D:3      | HP: 2/41 [orc priest/divine providence (12)]
  3994 | D:3      | Killed from afar by an orc priest

Illustrated notes

Levels and vault maps discovered:
D:1:      lemuel_arrival_cross, layout_rooms,
          shapermc_ecumenical_altar_mp_urbaneastern
D:2:      minmay_recursive_quarters, layout_basic
D:3:      gammafunk_wand_slinger, layout_basic, nicolae_uskayaw_en_pointe

Skill      XL: |  1  2  3  4  5 |
---------------+----------------+-----
Armour         | 3 |  3.6
Shields        | 3 |  3.2
Polearms       | 2 3 4 |  4.0
Fighting       | |  3.6
Dodging        | |  0.4

Action                   |  1- 3 |  4- 6 || total
-------------------------+-------+-------++-------
Melee: Trident           |   127 |    91 ||   218
Evoke: Wand              |       |     3 ||     3
  Use: Scroll            |       |     7 ||     7
       Potion            |       |     2 ||     2
Armor: Scale mail        |    53 |    15 ||    68
Dodge: Dodged            |    67 |    21 ||    88
Block: Buckler           |    23 |     9 ||    32

Table legend: (Time is in decaauts)
 A = Elapsed time spent in this place.
 B = Non-inter-level travel time spent in this place.
 C = Inter-level travel time spent in this place.
 D = Time resting spent in this place.
 E = Time spent auto-exploring this place.
 F = Levels seen in this place.
 G = Mean time per level.
                   A        B        C        D        E       F      G
               +--------+--------+--------+--------+--------+-----+--------+
         Total |   4039 |   3822 |    217 |    763 |   2468 |   3 | 1346.3 |
       Dungeon |   4039 |   3822 |    217 |    763 |   2468 |   3 | 1346.3 |
               +--------+--------+--------+--------+--------+-----+--------+

Top non-repeatable levels by time:
     D:3: 2245 daAuts
     D:2: 1157 daAuts
     D:1: 636 daAuts
